 Dungeon Crawl Stone Soup version 0.21.0 (webtiles) character file.

1449 Gargoyl the Skirmisher (level 8, -1/77 HPs)
             Began as a Centaur Abyssal Knight on Jan 8, 2018.
             Was a Priest of Lugonu.
             Slain by a killer bee (5 damage)
             ... on level 6 of the Dungeon.
             The game lasted 00:09:35 (5703 turns).

Gargoyl the Skirmisher (Centaur Abyssal Knight)     Turns: 5703, Time: 00:09:36

Health: -1/77      AC: 12    Str: 21    XL:     8   Next: 46%
Magic:  11/11      EV:  4    Int: 11    God:    Lugonu [***...]
Gold:   275        SH:  0    Dex: 10    Spells: 7/7 levels left

rFire    + . .     SeeInvis .   a - +2 hand axe
rCold    . . .     Gourm    .   (no shield)
rNeg     . . .     Faith    .   f - +0 plate armour
rPois    .         Spirit   .   h - +1 helmet
rElec    .         Reflect  .   (no cloak)
rCorr    .         Harm     .   (no gloves)
MR       +....                  (no barding)
Stlth    ..........             l - amulet of rage
HPRegen  0.22/turn              o - +5 ring of strength
MPRegen  0.12/turn              m - ring of protection from magic

@: lethally poisoned (-1 -> -32), drained, very quick
A: large, hooves 3, deformed body, fire resistance 1, speed 2, robust 1, tough
skin 3
a: Depart the Abyss, Bend Space, Banish, Renounce Religion, Evoke Berserk Rage


You were on level 6 of the Dungeon.
You worshipped Lugonu.
Lugonu was most pleased with you.
You were not hungry.

You visited 1 branch of the dungeon, and saw 6 of its levels.
You visited the Abyss 1 time.

You collected 275 gold pieces.

Inventory:

Hand Weapons
 a - a +2 hand axe (weapon)
Missiles
 i - 2 tomahawks (quivered)
Armour
 f - a +0 plate armour (worn)
 h - a +1 helmet (worn)
Jewellery
 l - an amulet of rage (around neck)
 m - a ring of protection from magic (right hand)
 o - a +5 ring of strength (left hand)
Wands
 p - a wand of iceblast (10)
 q - a wand of clouds (7)
Scrolls
 d - a scroll of remove curse
 e - a scroll of identify
 g - a scroll of fear
 t - a scroll of enchant weapon
 u - a scroll of magic mapping
Potions
 b - a potion of lignification {unknown}
 j - 4 potions of curing {unknown}
 k - a potion of haste {unknown}
 n - 5 potions of heal wounds {unknown}
 r - a potion of might
 s - a potion of berserk rage {unknown}
Books
 v - a book of Flames

   Spells                             Type                      Level
   a - Flame Tongue                   Conjuration/Fire             1
   b - Throw Flame                    Conjuration/Fire             2
   c - Conjure Flame                  Conjuration/Fire             3
   d - Inner Flame                    Hexes/Fire                   3
   e - Sticky Flame                   Conjuration/Fire             4
   f - Fireball                       Conjuration/Fire             5
Comestibles
 c - 9 rations
 w - 3 chunks of flesh


   Skills:
 + Level 5.8(5.5) Fighting
 + Level 5.4(5.1) Axes
 * Level 4.7(4.4) Armour
 + Level 1.1(0.8) Dodging
 * Level 4.4(4.1) Invocations


You had 7 spell levels left.
You didn't know any spells.

Dungeon Overview and Level Annotations

Branches:
Dungeon (6/15)             Temple (0/1) D:6

Altars:
Cheibriados
Hepliaklqana
Uskayaw
Xom
Yredelemnul

Shops:
D:5 *


Innate Abilities, Weirdness & Mutations

You have hooves in place of feet.
Armour fits poorly on your strangely shaped body.
You cover ground very quickly.
You have extremely tough skin. (AC +3)
Your flesh is heat resistant. (rF+)
You are robust. (+10% HP)


Message History

The killer bee stings you but does no damage.
The killer bee stings you.
* * * LOW HITPOINT WARNING * * *
You are lethally poisoned!
The killer bee poisons you! The killer bee closely misses you.
The killer bee stings you.
* * * LOW HITPOINT WARNING * * *
You are more poisoned.
The killer bee poisons you!
You hit the killer bee.
The killer bee is lightly wounded.
You hit the killer bee.
You kill the killer bee!
Lugonu accepts your kill.
* * * LOW HITPOINT WARNING * * *
You feel very sick. The killer bee stings you!
* * * LOW HITPOINT WARNING * * *
The killer bee stings you.
You die...

##. ##.## ##..... ###..
##..##....... ###>...
###............
.......#####....##........
#..##....####........
##†....### ##........
##...## #........# ##y##
##...#...## #@y##
#...##...#
#....###..###...#
..........# #...#
..####....## #...# #..
###..####...# ..#
##..##....# ...
#..##....## ....
##........# ##........#


You could see 2 killer bees.

Vanquished Creatures
  A ynoxinul (Abyss:1)
  A phantom (D:5)
  A sky beast (D:6)
  A wyvern zombie (D:6)
  A bullfrog (D:6)
  2 scorpions (D:4)
  2 killer bees (D:6)
  2 crimson imps (D:5)
  A howler monkey (D:5)
  A jelly (D:5)
  A hound (D:3)
  A gnoll shaman (D:3)
  5 orc wizards
  4 iguanas
  Ijyb (D:4)
  3 worker ants
  2 hound skeletons
  5 gnolls
  7 adders
  A shadow imp (D:5)
  An ufetubus (Abyss:1)
  An ooze (D:4)
  2 adder skeletons
  An adder zombie (D:6)
  2 worms
  6 dart slugs
  2 leopard geckos
  17 orcs
  6 giant cockroaches
  10 goblins
  4 hobgoblins
  11 jackals
  A ball python (D:1)
  10 bats
  3 frilled lizards
  12 kobolds
  6 rats
138 creatures vanquished.

Notes
Turn   | Place    | Note
-------+----------+-------------------------------------------
     0 | Abyss:1  | Gargoyl the Centaur Abyssal Knight began the quest for the Orb.
     0 | Abyss:1  | Reached XP level 1. HP: 19/19 MP: 2/2
     7 | Abyss:1  | Noticed a ynoxinul
    56 | Abyss:1  | Killed a ynoxinul
    56 | Abyss:1  | Reached XP level 2. HP: 12/28 MP: 3/3
    56 | Abyss:1  | Reached XP level 3. HP: 15/34 MP: 4/4
    56 | Abyss:1  | Reached XP level 4. HP: 18/41 MP: 5/5
    56 | Abyss:1  | Reached XP level 5. HP: 21/47 MP: 6/6
   106 | Abyss:1  | Noticed an ice devil
   133 | Abyss:1  | Found a corrupted altar of Lugonu.
   184 | Abyss:1  | Noticed a large abomination
   209 | Abyss:1  | Noticed a hellwing
   219 | Abyss:1  | Noticed a ynoxinul
   220 | Abyss:1  | Noticed a blink frog
   227 | Abyss:1  | Noticed a rust devil
   231 | Abyss:1  | Noticed a small abomination
   237 | D:1      | Escaped the Abyss
   239 | D:1      | Gained mutation: Your mind is acute. (Int +2) [potion of mutation]
   239 | D:1      | Gained mutation: You are partially covered in slimy green scales. (AC +2) [potion of mutation]
   356 | D:1      | Reached * piety under Lugonu
  1052 | D:2      | Lost mutation: Your mind is acute. (Int +2) [potion of mutation]
  1052 | D:2      | Lost mutation: You are partially covered in slimy green scales. (AC +2) [potion of mutation]
  1052 | D:2      | Gained mutation: You are robust. (+10% HP) [potion of mutation]
  1052 | D:2      | Gained mutation: Your flesh is heat resistant. (rF+) [potion of mutation]
  1107 | D:2      | Reached skill level 5 in Fighting
  1544 | D:2      | Reached ** piety under Lugonu
  2610 | D:3      | Found a hazy altar of Hepliaklqana.
  2692 | D:3      | Found a hide-covered altar of Uskayaw.
  2695 | D:3      | Found a shimmering altar of Xom.
  2698 | D:3      | Found a basalt altar of Yredelemnul.
  2731 | D:3      | Reached XP level 6. HP: 61/61 MP: 8/8
  3391 | D:4      | Reached skill level 1 in Dodging
  3463 | D:4      | Noticed Ijyb
  3470 | D:4      | Killed Ijyb
  3497 | D:4      | Reached XP level 7. HP: 47/67 MP: 9/9
  3870 | D:4      | Reached *** piety under Lugonu
  4045 | D:4      | Found a snail-covered altar of Cheibriados.
  4183 | D:5      | Entered Level 5 of the Dungeon
  4290 | D:5      | Found Yralysseotu's Assorted Antiques.
  4616 | D:5      | Reached skill level 5 in Axes
  4616 | D:5      | Reached XP level 8. HP: 66/75 MP: 11/11
  5581 | D:6      | Found a staircase to the Ecumenical Temple.
  5703 | D:6      | Slain by a killer bee

Skill      XL: |  1  2  3  4  5  6  7  8 |
---------------+-------------------------+-----
Fighting       | 4 5 |  5.8
Axes           | 2 3 5 |  5.4
Armour         | 2 3 4 |  4.7
Invocations    | 3 4 |  4.4
Dodging        | 1 |  1.1

Action                   |  1- 3 |  4- 6 |  7- 9 || total
-------------------------+-------+-------+-------++-------
Melee: Hand axe          |     5 |   217 |   168 ||   390
       Kick              |     1 |    53 |    45 ||    99
Invok: Depart the Abyss  |       |     1 |       ||     1
  Use: Potion            |     1 |     2 |       ||     3
       Scroll            |       |     6 |     6 ||    12
  Eat: Chunk             |       |     6 |     6 ||    12
Armor: Leather armour    |     2 |    30 |       ||    32
       Plate armour      |       |   193 |   142 ||   335
Dodge: Dodged            |     1 |    60 |    45 ||   106
